 Dungeon Crawl Stone Soup version 0.31-a0-233-g139696dc86 (webtiles) character file.

Game seed: 2916746795201204841

41 qw the Shooter (level 3, -1/30 HPs)
             Began as a Minotaur Hexslinger on July 8, 2023.
             Slain by a goblin
             ... wielding a +0 club
             ... led by Robin
              (5 damage)
             ... on level 3 of the Dungeon.
             The game lasted 00:00:24 (1192 turns).

qw the Shooter (Minotaur Hexslinger)                Turns: 1192, Time: 00:00:24

Health: -1/30      AC:  3    Str: 12    XL:     3   Next: 32%
Magic:  3/3        EV: 12    Int: 10    God:
Gold:   90         SH:  0    Dex: 14    Spells: 3/4 levels left

rFire   . . .        Y - +0 shortbow (chaos)
rCold   . . .        (shield currently unavailable)
rNeg    . . .        f - +0 leather armour
rPois   .            (helmet restricted)
rElec   .            (no cloak)
rCorr   .            (no gloves)
SInv    .            (no boots)
Will    .....        (no amulet)
Stlth   +            (no ring)
HPRegen 0.25/turn    (no ring)
MPRegen 0.08/turn

%: no passive effects
@: no status effects
A: horns 2, retaliatory headbutt
a: no special abilities


You were on level 3 of the Dungeon.
You visited 1 branch of the dungeon, and saw 3 of its levels.

You collected 90 gold pieces.


Innate Abilities, Weirdness & Mutations

You have a pair of horns on your head.
You reflexively headbutt those who attack you in melee.


   Skills:
 - Level 2.4 Fighting
 + Level 3.6 Ranged Weapons
 - Level 2.1 Dodging
 - Level 1.0 Spellcasting
 - Level 2.0 Hexes


You had 3 spell levels left.
You knew the following spells:

 Your Spells              Type           Power      Damage    Failure   Level
a - Slow                  Hex            16%        N/A       19%         1

Your spell library contained the following spells:

 Spells                   Type           Power      Damage    Failure   Level
 Inner Flame              Hex/Fire       2%         N/A       65%         3
 Portal Projectile        Hex/Tloc       4%         N/A       65%         3
 Cause Fear               Hex            2%         N/A       88%         4

Inventory:

Hand Weapons
 Y - a +0 shortbow of chaos (weapon)
Armour
 f - a +0 leather armour (worn)
Jewellery
 c - a ring of fire
Potions
 a - a potion of resistance {unknown}
 b - a potion of degeneration {unknown}
 d - a potion of invisibility {unknown}
 g - a potion of curing {unknown}
 h - a potion of mutation {unknown}
 j - a potion of brilliance {unknown}
 l - a potion of heal wounds {unknown}

Dungeon Overview and Level Annotations

Branches:
Dungeon (3/15)

Altars:

Annotations:
D:3 Robin


Message History

You shoot an arrow. The arrow barely misses the hobgoblin.
The jackal closely misses you.
The hobgoblin hits you but does no damage.
A goblin comes into view. It is wielding a +0 club.
The goblin closely misses you. The goblin hits you with a +0 dagger.
The jackal closely misses you. You furiously retaliate!
You headbutt the jackal!
You kill the jackal!
You shoot an arrow. The arrow barely misses the hobgoblin.
The hobgoblin hits you. The goblin hits you with a +0 dagger.
The goblin unwields a +0 dagger.
The goblin wields a +0 sling.
The goblin shoots a sling bullet.
The sling bullet hits you. The goblin hits you with a +0 dagger.
A hobgoblin comes into view.
The hobgoblin shouts!
You shoot an arrow. The arrow hits the hobgoblin!
You kill the hobgoblin!
The goblin closely misses you. The goblin hits you with a +0 dagger.
Robin says, "A pitiful Minotaur like you will never find the ORB!"
Robin roars a battlecry!
The goblins go into a battle-frenzy!
The goblin misses you. The goblin barely misses you.
You shoot an arrow. The arrow closely misses the goblin.
The arrow hits the hobgoblin but does no damage.
The goblin misses you. The goblin barely misses you. You furiously retaliate!
You headbutt the goblin!
You kill the goblin!
Robin flexes a bicep menacingly.
Robin throws the goblin at you!
You shoot an arrow.
The arrow hits the hobgoblin but does no damage.
The goblin hits you with a +0 club. The hobgoblin barely misses you.
You furiously retaliate!
You headbutt the hobgoblin, but do no damage.
The goblin hits you with a +0 dagger.
Robin zaps a wand.
You resist with significant effort. The goblin completely misses you.
The goblin shoots a sling bullet.
The sling bullet barely misses you.
You shoot an arrow. The arrow hits the hobgoblin.
The hobgoblin is lightly wounded.
The goblin hits you with a +0 club.
You die...

.# #...########
####..................#
# #...................##
###..##...#### #.#.....)
..#..##...######.#....##
..........>.............
...................g....
............^..ggg.g....
.<.........#####@.g.....
...............g.#.....#
.................# ....#
.................# ...#
.............###.# ..#
........%.. .... ..
..........###.#.. #
..........# #.#...
.......... .# ..


You could see Robin, 2 hobgoblins and 4 goblins.

Vanquished Creatures
  An adder (D:2)
  A worm (D:2)
  An endoplasm (D:1)
  2 giant cockroaches (D:1)
  5 hobgoblins
  2 jackals (D:3)
  5 ball pythons
  3 bats
  2 frilled lizards (D:1)
  4 goblins
  2 kobolds (D:1)
28 creatures vanquished.

Vanquished Creatures (others)
  A kraken (D:1)
  A ghoul (D:1)
  An elf (D:1)
  2 trolls (D:1)
  A merfolk (D:1)
  A spriggan (D:1)
  A gnoll (D:1)
  6 tentacles (D:1)
14 creatures vanquished.

Grand Total: 42 creatures vanquished

Notes
Turn   | Place    | Note
-------+----------+-------------------------------------------
     0 | D:1      | qw the Minotaur Hexslinger began the quest for the Orb.
     0 | D:1      | Reached XP level 1. HP: 16/16 MP: 1/1
     0 | D:1      | Noticed a spriggan
     0 | D:1      | Noticed a human
     0 | D:1      | Noticed a human
     0 | D:1      | Noticed a troll
     0 | D:1      | Noticed a minotaur
     0 | D:1      | Noticed a draconian
     0 | D:1      | Noticed a vine stalker
     0 | D:1      | Noticed a kraken
     0 | D:1      | Noticed a troll
     0 | D:1      | Noticed a ghoul
     0 | D:1      | Noticed an elf
     0 | D:1      | Noticed a merfolk
     0 | D:1      | 0 ||| qw: Version: 0.3-a-46-gb1f654a
     0 | D:1      | 0 ||| qw: Game counter: 3407
     0 | D:1      | 0 ||| qw: Melee chars always use a shield: true
     0 | D:1      | 0 ||| qw: God list: Okawaru
     0 | D:1      | 0 ||| qw: Allow faded altars: false
     0 | D:1      | 0 ||| qw: Do Orc after clearing Dungeon:15 true
     0 | D:1      | 0 ||| qw: Do second Lair branch before Depths: true
     0 | D:1      | 0 ||| qw: Lair rune preference: random
     0 | D:1      | 0 ||| qw: Goals: Normal
     0 | D:1      | 0 ||| PLANNING D:1-11
     7 | D:1      | Killed a merfolk
     7 | D:1      | Killed a troll
    10 | D:1      | Killed a ghoul
    11 | D:1      | Killed a troll
    11 | D:1      | Killed an elf
    12 | D:1      | Killed a spriggan
    12 | D:1      | Killed a kraken
   279 | D:1      | Reached skill level 3 in Ranged Weapons
   351 | D:1      | Reached XP level 2. HP: 22/23 MP: 2/2
   513 | D:1      | 513 ||| UPGRADING to +0 leather armour.
   523 | D:1      | 523 ||| DROPPING +0 robe.
   524 | D:1      | 524 ||| READING scroll labelled WOONIE BACOKK.
   525 | D:1      | 525 ||| DROPPING scroll of poison.
   742 | D:2      | 742 ||| SWAPPING to +0 shortbow.
   743 | D:2      | 743 ||| DROPPING +1 sling.
   856 | D:2      | Reached XP level 3. HP: 30/30 MP: 3/3
  1001 | D:2      | 1001 ||| DROPPING ring of wizardry.
  1002 | D:2      | 1002 ||| READING scroll labelled NULLAHEQUU.
  1003 | D:2      | 1003 ||| READING 3 scrolls labelled RUCAFA DEUMIAR.
  1104 | D:2      | 1104 ||| DROPPING 2 scrolls of silence.
  1153 | D:3      | Found a faded altar of an unknown god.
  1185 | D:3      | Noticed Robin
  1191 | D:3      | HP: 6/30 [goblin/+0 club[Robin] (3)]
  1192 | D:3      | Slain by a goblin

Levels and vault maps discovered:
D:1:      nicolae_arrival_kraken_aquarium_a, layout_loops_ring
D:2:      layout_basic, minmay_misc_feat_alley, grunt_ministairs_15,
          hangedman_decor_opposing, guppyfry_early_lair_pool
D:3:      layout_basic, lemuel_tele_altar, yredelemnul_forgotten_temple_becter,
          chequers_ecumenical_altar_simple, chequers_serial_rivers_micro_b,
          uniq_robin, uniq_crazy_yiuf_cottage, uniq_sigmund

Skill      XL: |  1  2 |
---------------+-------+-----
Ranged Weapons | 3 |  3.6
Fighting       | 2 |  2.4
Dodging        | |  2.1
Spellcasting   | |  1.0
Hexes          | |  2.0

Action                     || total
---------------------------++-------
   Fire: Sling             ||    45
         Shortbow          ||    35
    Use: Scroll            ||     3
 Armour: Robe              ||     2
         Leather armour    ||    10
  Dodge: Dodged            ||    34

Table legend:
 A = Non-vault XP
 B = Vault XP
 C = Vault XP percentage of total XP
 D = Non-vault monster count
 E = Vault monster count
 F = Vault count percentage of total count
                 A         B        C        D         E       F
            +---------+---------+-------+---------+---------+-------
      Total |      42 |      17 |  28.8 |      21 |       7 |  25.0
            +---------+---------+-------+---------+---------+-------
        D:1 |      16 |       0 |   0.0 |      12 |       0 |   0.0
        D:2 |      21 |       7 |  25.0 |       6 |       2 |  25.0
        D:3 |       5 |      10 |  66.7 |       3 |       5 |  62.5
            +---------+---------+-------+---------+---------+-------
